 Dungeon Crawl Stone Soup version 0.23-a0-644-gb60d84b (webtiles) character file.

112 Borgoz the Sneak (level 5, 0/35 HPs)
             Began as a Halfling Assassin on Jan 2, 2019.
             Killed by nerve-wracking pain
             ... invoked by Jessica
              (7 damage)
             ... on level 2 of the Dungeon.
             The game lasted 00:02:33 (1514 turns).

Borgoz the Sneak (Halfling Assassin)                Turns: 1514, Time: 00:02:33

Health: 0/35       AC:  3    Str: 12    XL:     5   Next: 16%
Magic:  5/5        EV: 15    Int:  9    God:
Gold:   151        SH:  0    Dex: 17    Spells: 4/4 levels left

rFire    . . .     SeeInvis .   p - +1 dagger (protect)
rCold    . . .     Gourm    .   (shield restricted)
rNeg     . . .     Faith    .   c - +0 robe
rPois    .         Spirit   .   (no helmet)
rElec    .         Reflect  .   d - +0 cloak
rCorr    .         Harm     .   (no gloves)
MR       .....                  (no boots)
Stlth    +++.......             (no amulet)
HPRegen  0.11/turn              (no ring)
MPRegen  0.09/turn              (no ring)

@: lethally poisoned (0 -> -14)
A: small, mutation resistance 1
a: no special abilities


You were on level 2 of the Dungeon.
You were not hungry.

You visited 1 branch of the dungeon, and saw 2 of its levels.

You collected 151 gold pieces.

Inventory:

Hand Weapons
 b - a +0 blowgun
 p - a +1 dagger of protection (weapon)
Missiles
 e - 8 poisoned needles
 f - 2 curare-tipped needles
Armour
 c - a +0 robe (worn)
 d - a +0 cloak (worn)
Scrolls
 h - a scroll of fog {unknown}
 i - a scroll of magic mapping {unknown}
 j - a scroll of teleportation {unknown}
 l - a scroll of enchant armour {unknown}
 m - a scroll of noise {unknown}
 r - a scroll of immolation {unknown}
Potions
 a - a potion of lignification {unknown}
 k - a potion of heal wounds {unknown}
 o - a potion of resistance {unknown}
 q - a potion of berserk rage {unknown}
Comestibles
 g - 2 rations
 n - a chunk of flesh


   Skills:
 * Level 2.4 Fighting
 + Level 3.4 Short Blades
 - Level 2.0 Throwing
 * Level 2.7 Dodging
 + Level 5.4 Stealth


You had 4 spell levels left.
You didn't know any spells.
Your spell library was empty.

Dungeon Overview and Level Annotations

Branches:
Dungeon (2/15)

Altars:

Annotations:
D:2 Jessica, Natasha


Innate Abilities, Weirdness & Mutations

You are small and have problems with some larger weapons.
You are somewhat resistant to further mutation.


Message History

You hit Jessica.
Jessica is heavily wounded.
Jessica completely misses you. Jessica hits you but does no damage.
You are poisoned.
Natasha mumbles some strange words.
Jessica barely misses you.
You feel sick.
Jessica hits you with a +1 dagger of venom.
You are lethally poisoned!
* * * LOW HITPOINT WARNING * * *
You feel sick. Jessica completely misses you.
Okay, then.
* * * LOW HITPOINT WARNING * * *
You feel sick.
* * * LOW HITPOINT WARNING * * *
You feel sick. Jessica casts a spell at you. Pain shoots through your body!
You die...

...##.........#.....#
................<#....## ..s
................##.#... #...
......................
##..########....##.......##.##...
#.........##.......#.....##......
.............#.##..........###...
#........#.#.#.....#<..........
#.......)5.5@.@##...†..........
#.......##..s...#..>...........
#.......##.#..#................
#.(.....##.#..####.....[.....<.
#.......##.#..####...))........
#######........................
#..........##............
#..........##(...<......#
#..........##.......###.#


You could see an iron imp, a crimson imp, Jessica and a giant cockroach.

Vanquished Creatures
  Natasha (D:2)
  3 adders (D:2)
  3 dart slugs (D:1)
  5 leopard geckos (D:1)
  7 bats
  3 giant cockroaches (D:1)
  5 goblins
  9 hobgoblins
  2 kobolds
  6 frilled lizards
  6 rats
50 creatures vanquished.

Notes
Turn   | Place    | Note
-------+----------+-------------------------------------------
     0 | D:1      | Borgoz the Halfling Assassin began the quest for the Orb.
     0 | D:1      | Reached XP level 1. HP: 14/14 MP: 1/1
    47 | D:1      | Reached XP level 2. HP: 13/19 MP: 2/2
   450 | D:1      | Reached XP level 3. HP: 24/24 MP: 3/3
   456 | D:1      | Reached skill level 5 in Stealth
   727 | D:1      | Reached XP level 4. HP: 29/29 MP: 4/4
   901 | D:1      | You fall through a shaft!
  1344 | D:2      | Noticed Natasha
  1361 | D:2      | Killed Natasha
  1437 | D:2      | Reached XP level 5. HP: 35/35 MP: 5/5
  1496 | D:2      | Noticed Natasha
  1498 | D:2      | Noticed Jessica
  1514 | D:2      | Killed from afar by Jessica

Vault maps used:
D:1:      matt_arrival_diagonals, hex_tiny, st_stairs_3
D:2:      xom_teletrap_fun, uniq_jessica, uniq_natasha

Skill      XL: |  1  2  3  4 |
---------------+-------------+-----
Fighting       | 2 |  2.4
Stealth        | 5 |  5.4
Dodging        | 2 |  2.7
Short Blades   | 3 |  3.4
Throwing       | |  2.0

Action                   |  1- 3 |  4- 6 || total
-------------------------+-------+-------++-------
Melee: Dagger            |   100 |    48 ||   148
 Stab: Sleeping          |     7 |     5 ||    12
  Eat: Chunk             |       |     2 ||     2
Armor: Robe              |    22 |    11 ||    33
Dodge: Dodged            |    57 |    36 ||    93

Table legend:
 A = Non-vault XP
 B = Vault XP
 C = Vault XP percentage of total XP
 D = Non-vault monster count
 E = Vault monster count
 F = Vault count percentage of total count
                 A         B        C        D         E       F
            +---------+---------+-------+---------+---------+-------
      Total |     122 |      38 |  23.8 |      47 |       3 |   6.0
            +---------+---------+-------+---------+---------+-------
        D:1 |      70 |       3 |   4.1 |      33 |       2 |   5.7
        D:2 |      52 |      35 |  40.2 |      14 |       1 |   6.7
            +---------+---------+-------+---------+---------+-------
